Map: Port Aleksander LE

Players

TIME (Oliveira) - Winner!

  • Race: Terran Terran
  • Spawn Location: 11:00

BratOK (Brat_OK)

  • Race: Terran Terran
  • Spawn Location: 5:00

Event: 2019 WCS Spring

VOD

Have the link to the VOD?

Description

Time

  • Played on: May 17, 2019, 7:08 a.m.
  • Length: 8:45

All games in this series

Show
View Real Time Build Order
Export as new Build Order

TIME Terran - Winner!

Build Orders: Gas First Reaper Expand, Liberator Opening 

Get SALT Encoding   

  12  0:00  SCV  
  13  0:12  SCV  
  14  0:18  Supply Depot  
  14  0:25  SCV  
  15  0:30  Refinery  
  15  0:39  SCV  
  16  0:45  Barracks  
  16  0:51  SCV  
  17  1:03  SCV  
  18  1:15  SCV  
  19  1:33  Reaper, Orbital Command  
  20  1:46  Command Center  
  19  2:01  SCV  
  20  2:09  Factory  
  20  2:11  Barracks Reactor  
  20  2:14  SCV  
  21  2:18  Supply Depot  
  21  2:22  Refinery  
  21  2:26  SCV  
  22  2:38  SCV  
  23  2:50  SCV  
  24  2:54  Starport  
  24  2:58  Orbital Command  
  24  3:00  Hellion  
  24  3:02  Hellion  
  24  3:03  SCV  
  29  3:14  Liberator  
  29  3:15  SCV  
  30  3:22  Hellion  
  30  3:24  SCV, Hellion  
  35  3:28  SCV  
  39  3:35  Supply Depot  
  39  3:37  SCV  
  40  3:42  SCV  
  40  3:44  Hellion  
  40  3:47  Hellion  
  45  3:49  Barracks Tech Lab  
  45  3:50  SCV  
  46  3:56  Refinery  
  46  3:57  SCV  
  46  4:00  Supply Depot  
  47  4:03  SCV  
  47  4:09  SCV  
  49  4:13  Marine x2  
  49  4:15  Cyclone  
  54  4:20  Starport Tech Lab  
  54  4:21  SCV x2  
  54  4:23  Supply Depot  
  56  4:31  Marine x2  
  56  4:37  SCV  
  58  4:44  Raven  
  58  4:45  SCV  
  61  4:46  Supply Depot  
  61  4:49  Marine  
  61  4:52  SCV, Marine  
  64  4:56  Siege Tank  
  59  5:03  SCV  
  59  5:04  SCV  
  59  5:07  Marine  
  57  5:13  Marine  
  59  5:15  SCV  
  59  5:16  Command Center  
  59  5:18  SCV  
  59  5:20  Refinery  
  61  5:24  Marine  
  61  5:27  Raven  
  61  5:28  Siege Tank  
  67  5:29  SCV  
  67  5:30  SCV  
  67  5:31  Marine  
  70  5:39  Supply Depot  
  70  5:42  Marine  
  70  5:43  SCV  
  70  5:48  SCV  
  73  5:50  Barracks  
  73  5:51  Barracks  
  73  5:54  Supply Depot  
  73  5:55  SCV  
  75  6:00  SCV  
  75  6:02  Siege Tank  
  79  6:08  SCV  
  79  6:09  Engineering Bay  
  79  6:10  Engineering Bay  
  79  6:13  SCV  
  80  6:20  SCV  
  80  6:21  Viking x2  
  80  6:22  Marine  
  80  6:23  Stimpack  
  80  6:25  SCV  
  84  6:29  Orbital Command  
  84  6:32  SCV  
  85  6:42  Siege Tank  
  85  6:43  Barracks Reactor  
  85  6:44  Barracks Reactor  
  85  6:45  SCV x2  
  90  6:50  Terran Infantry Weapons Level 1  
  90  6:51  Viking x2  
  94  6:59  SCV  
  95  7:07  SCV x2  
  96  7:09  Supply Depot, Marine  
  96  7:11  SCV, Supply Depot  
  95  7:19  SCV x2  
  95  7:21  Marine x3  
  99  7:23  Barracks, Marine  
  99  7:24  Barracks, Siege Tank, Refinery  
  99  7:28  SCV  
  99  7:29  Viking  
  104  7:33  Supply Depot  
  104  7:34  SCV x2  
  106  7:38  Viking  
  106  7:44  SCV, Marine  
  109  7:49  SCV, Marine  
  109  7:50  SCV  
  109  7:51  Marine  
  113  7:56  SCV, Marine  
  113  7:57  Refinery x2  
  116  7:59  Marine  
  116  8:01  SCV  
  116  8:02  SCV  
  115  8:08  SCV  
  115  8:11  Marine  
  109  8:14  SCV x2, Medivac x2  
  116  8:20  SCV  
  116  8:24  Marine  
  116  8:25  Supply Depot  
  116  8:26  SCV, Supply Depot, Refinery  
  119  8:28  Barracks Reactor  
  119  8:32  SCV  
  110  8:44  Barracks Reactor  
Show
View Real Time Build Order
Export as new Build Order

BratOK Terran 

Build Orders: Gas First Reaper Expand, Mech 

Get SALT Encoding   

  12  0:00  SCV  
  13  0:12  SCV  
  14  0:17  Supply Depot  
  14  0:24  SCV  
  15  0:28  Refinery  
  15  0:39  SCV  
  16  0:45  Barracks  
  16  0:51  SCV  
  17  1:03  SCV  
  18  1:15  SCV  
  19  1:33  Reaper, Orbital Command  
  20  2:02  SCV, Command Center  
  20  2:08  Factory  
  21  2:10  Refinery, Barracks Reactor  
  21  2:15  SCV  
  22  2:19  Supply Depot  
  22  2:27  SCV  
  23  2:49  SCV  
  24  2:55  Starport  
  24  3:00  Hellion x2  
  24  3:01  SCV  
  28  3:13  SCV  
  28  3:15  Barracks Tech Lab  
  29  3:21  Hellion  
  31  3:41  Viking, Hellion, Orbital Command, SCV  
  36  3:44  Hellion  
  38  3:52  Supply Depot  
  38  3:53  SCV  
  38  3:55  Barracks Tech Lab  
  39  4:05  SCV  
  40  4:11  SCV  
  40  4:13  Cyclone  
  44  4:17  SCV  
  44  4:21  Raven  
  44  4:23  SCV, Refinery  
  48  4:24  Supply Depot  
  48  4:26  Marine x2  
  48  4:29  SCV  
  51  4:35  SCV  
  47  4:41  Supply Depot  
  47  4:45  Siege Tank  
  43  4:46  Marine x2  
  43  4:48  SCV x2  
  42  5:00  SCV x2  
  42  5:04  Marine x2  
  43  5:12  SCV  
  43  5:13  SCV, Raven  
  47  5:24  SCV  
  47  5:25  SCV, Siege Tank  
  47  5:27  Marine x2  
  54  5:37  SCV x2  
  54  5:38  Supply Depot  
  56  5:49  SCV x2  
  58  6:00  Siege Tank  
  58  6:01  SCV x2, Supply Depot  
  63  6:09  Viking x2  
  67  6:13  SCV x2  
  68  6:21  Command Center  
  68  6:25  SCV x2  
  70  6:33  Siege Tank  
  70  6:37  SCV x2  
  70  6:39  Viking x2  
  79  6:42  Marine  
  80  6:49  SCV x2  
  82  7:01  SCV x2  
  82  7:02  Barracks Reactor  
  82  7:03  Refinery  
  82  7:08  Factory  
  84  7:13  SCV x2  
  86  7:30  Supply Depot  
  86  7:31  Engineering Bay  
  86  7:33  Viking, Siege Tank, SCV x2  
  86  7:34  Supply Depot  
  93  7:41  SCV  
  94  7:45  SCV  
  94  7:48  Factory  
  95  7:52  Viking  
  95  8:01  SCV  
  95  8:04  SCV  
  95  8:05  Siege Tank  
  97  8:06  Orbital Command  
  89  8:14  SCV  
  89  8:16  SCV  
  85  8:20  Hellion  
  85  8:26  SCV  
  90  8:29  SCV  
  90  8:32  SCV  
  92  8:34  Missile Turret  
  92  8:38  Missile Turret  
Tags
 
Add a new tag
Caveats
  • Supply blocks, unpowered buildings, or Contaminate may cause inaccurate times.
  • Supply counts are checked every 10 seconds.